AoeStats
← tony halcon

Black Forest

510135209Analyzed
4v4 RM · 2d ago on Sep 29, 2026· 47m 32s· 8 players
Game mode
Random Map
Map size
Large (8 player)
Population
200
Speed
Normal
Resources
Standard
Victory
Conquest
Starting age
Dark Age
Ending age
Imperial Age
RankedLock teamsTeams togetherTeam positionsShared explorationLock speedFull tech treeHidden civsTurbo modeCheats
Victory
Defeat
🇿🇦 Persians · South Africa
1101
+15
🇦🇷 Bengalis · Argentina
1091
+16
🇨🇳 Japanese · China
1074
+16
🇹🇼 Franks · Taiwan
1060
+17
🇹🇷 Mongols · Türkiye
1408
-27
🇹🇷 Koreans · Türkiye
1157
-19
🇹🇷 Franks · Türkiye
976
-12
🇩🇪 Burgundians · Germany
782
-6
AOEHD
10:26 Feudal Age
11:20 Double-Bit Axe
11:32 Town Watch
14:11 Castle Age
12:24 Horse Collar
15:57 Heavy Plow
19:11 Wheelbarrow
21:57 Gold Mining
26:33 Imperial Age
25:23 Gold Shaft Mining
24:34 Loom
25:50 Stone Mining
26:11 Guard Tower
26:21 Fletching
26:49 Bow Saw
26:40 Pikeman
27:20 Squires
27:05 Arson
27:21 Scale Mail Armor
27:31 Forging
28:21 Halberdier
29:44 Ballistics
29:19 Bodkin Arrow
30:00 Kataparuto
30:17 Yasama
32:49 Siege Engineers
34:02 Bracer
37:47 Chain Mail Armor
41:09 Conscription
42:35 Iron Casting
42:30 Plate Mail Armor
43:07 Two-Man Saw
41:51 Treadmill Crane
42:23 Masonry
42:49 Hoardings
44:40 Plate Mail Armor
45:10 Blast Furnace
46:41 Chemistry
Straat Kat
3:52 Loom
12:09 Feudal Age
13:38 Horse Collar
13:55 Double-Bit Axe
16:12 Castle Age
17:18 Bow Saw
17:36 Horse Collar
26:32 Wheelbarrow
25:42 Town Watch
29:24 Imperial Age
30:26 Scale Barding Armor
30:32 Forging
30:36 Husbandry
30:47 Bloodlines
30:35 Elite War Elephant
32:18 Chain Barding Armor
32:34 Iron Casting
32:52 Conscription
34:08 Plate Barding Armor
34:34 Blast Furnace
34:21 Caravan
37:06 Guilds
37:27 Coinage
40:21 Banking
40:45 Hand Cart
40:30 Town Patrol
tony halcon
12:21 Feudal Age
14:22 Fishing Lines
17:18 Castle Age
16:13 Double-Bit Axe
18:27 Bow Saw
19:26 Gillnets
23:20 Gold Mining
28:54 Imperial Age
27:00 Wheelbarrow
27:13 Fletching
27:29 Scale Barding Armor
27:27 Padded Archer Armor
27:39 Paiks
28:21 Bloodlines
28:11 Husbandry
29:15 Bodkin Arrow
29:35 Leather Archer Armor
30:21 Caravan
31:05 Guilds
31:17 Ballistics
31:59 Chemistry
31:06 Bracer
35:04 Two-Man Saw
35:56 Loom
36:29 Hand Cart
36:00 Town Watch
38:18 Ring Archer Armor
38:18 Siege Engineers
38:24 Fortified Wall
38:25 Masonry
38:11 Murder Holes
39:01 Conscription
39:02 Elite Elephant Archer
40:11 Scale Barding Armor
40:16 Forging
40:02 Light Cavalry
41:41 Town Patrol
43:52 Coinage
45:06 Banking
ZZZ1
10:48 Feudal Age
14:28 Castle Age
12:33 Double-Bit Axe
22:46 Bow Saw
27:02 Wheelbarrow
29:36 Imperial Age
27:03 Gold Mining
27:01 Loom
28:21 Hand Cart
28:37 Scale Barding Armor
28:45 Forging
30:10 Chain Barding Armor
29:45 Cavalier
30:58 Town Watch
31:32 Chivalry
31:52 Conscription
32:11 Plate Barding Armor
31:46 Forging
32:58 Chemistry
32:19 Ballistics
32:11 Caravan
31:51 Paladin
32:31 Husbandry
34:16 Gold Shaft Mining
33:32 Stone Mining
34:48 Iron Casting
34:50 Fortified Wall
34:37 Murder Holes
34:58 Elite Skirmisher
35:01 Pikeman
35:41 Squires
36:20 Halberdier
37:25 Siege Engineers
Goeki
0:48 Loom
14:15 Feudal Age
17:14 Double-Bit Axe
17:11 Horse Collar
18:09 Wheelbarrow
17:25 Town Watch
17:55 Fishing Lines
19:48 Bow Saw
19:55 Hand Cart
22:28 Castle Age
20:33 Gillnets
21:15 Gold Mining
22:26 Arson
23:53 Husbandry
24:07 Scale Barding Armor
28:42 Stone Mining
31:00 Two-Man Saw
30:31 Heavy Plow
30:47 Forging
31:20 Stone Shaft Mining
30:43 Cavalier
30:46 Light Cavalry
32:30 Gold Shaft Mining
32:20 Town Patrol
33:43 Crop Rotation
33:16 Murder Holes
33:28 Caravan
35:37 Iron Casting
35:23 Chain Barding Armor
35:18 Masonry
34:49 Treadmill Crane
35:30 Ballistics
35:21 Fortified Wall
34:40 Pikeman
35:21 Squires
36:09 Burgundian Vineyards
37:07 Scale Mail Armor
36:58 Fletching
44:07 Imperial Age
44:48 Chain Mail Armor
44:29 Bodkin Arrow
46:45 Blast Furnace
46:21 Plate Barding Armor
46:17 Plate Mail Armor
46:50 Chemistry
46:21 Architecture
46:24 Onager
owinso
5:18 Loom
12:23 Feudal Age
13:51 Wheelbarrow
16:23 Castle Age
17:28 Hand Cart
17:11 Horse Collar
17:17 Double-Bit Axe
20:43 Town Watch
21:40 Heavy Plow
22:43 Town Patrol
22:57 Bow Saw
26:52 Gold Mining
26:59 Stone Mining
28:47 Gold Shaft Mining
28:48 Stone Shaft Mining
28:27 Fishing Lines
30:56 Caravan
32:18 Squires
32:03 Arson
31:39 Pikeman
34:56 Imperial Age
32:39 Forging
32:20 Fletching
32:35 Scale Barding Armor
32:31 Scale Mail Armor
32:53 Eupseong
34:00 Iron Casting
33:40 Husbandry
33:01 Light Cavalry
34:40 Bodkin Arrow
35:19 Chain Barding Armor
34:31 Crossbowman
35:43 Thumb Ring
36:42 Chemistry
35:31 Halberdier
37:11 Bracer
37:30 Chain Mail Armor
37:16 Bracer
37:37 Chain Barding Armor
40:05 Hussar
40:30 Heavy Rocket Cart
43:04 Plate Mail Armor
Hüso
6:26 Loom
14:16 Feudal Age
18:30 Castle Age
16:20 Double-Bit Axe
17:56 Wheelbarrow
24:11 Bow Saw
23:54 Gold Mining
31:42 Imperial Age
29:54 Scale Barding Armor
29:50 Scale Mail Armor
29:57 Husbandry
30:06 Caravan
31:19 Chain Barding Armor
31:31 Chain Mail Armor
32:04 Cavalier
34:13 Plate Barding Armor
34:08 Plate Mail Armor
33:43 Paladin
37:20 Padded Archer Armor
37:10 Fletching
37:30 Forging
36:45 Elite Skirmisher
37:28 Treadmill Crane
38:51 Chemistry
38:11 Ballistics
39:04 Bodkin Arrow
39:24 Leather Archer Armor
44:38 Squires
44:24 Pikeman
lord endarin
0:52 Loom
10:56 Feudal Age
12:15 Double-Bit Axe
14:59 Castle Age
12:57 Horse Collar
15:55 Bow Saw
17:23 Heavy Plow
21:04 Wheelbarrow
23:24 Stone Mining
24:50 Gold Mining
25:52 Hand Cart
29:11 Imperial Age
28:01 Gold Shaft Mining
28:41 Ballistics
28:11 Fletching
28:45 Masonry
28:40 Padded Archer Armor
29:04 Bloodlines
29:20 Bodkin Arrow
30:14 Husbandry
30:20 Bracer
31:06 Thumb Ring
31:18 Padded Archer Armor
32:20 Chemistry
31:12 Capped Ram
33:44 Parthian Tactics
32:46 Siege Ram
34:07 Leather Archer Armor
34:23 Nomads
34:43 Conscription
34:45 Drill
41:03 Scale Mail Armor
41:13 Forging
40:25 Pikeman
41:05 Squires
42:59 Chain Mail Armor
Connection lost

Rejoining the realm…

Still unreachable

The connection could not be restored.

Session expired

The server has moved on; the page needs a fresh start.